 Dungeon Sprint DCSS version 0.16-b1 (webtiles) character file.

267 Medar the Spear-Bearer (level 6, 0/56 HPs)
             Began as a Centaur Gladiator on Mar 6, 2015.
             Slain by Sonja
             ... wielding a +0 dagger of draining
              (3 damage)
             ... in the Dungeon (Sprint I: "Red Sonja").
             The game lasted 00:02:31 (388 turns).

Medar the Spear-Bearer (Centaur Gladiator)           Turns: 388, Time: 00:02:31

Health: 0/56       AC:  5    Str: 19    XL:     6   Next: 0%
Magic:  5/5        EV:  9    Int:  7    God:
Gold:   162        SH:  0    Dex: 10    Spells: 0 memorised, 5 levels left

rFire  . . .     SeeInvis .     a - +0 trident
rCold  . . .     Clarity  .     b - +0 leather armour
rNeg   . . .     SustAb   .     (no shield)
rPois  .         Gourm    .     c - +0 helmet
rElec  .         Spirit   .     (no cloak)
rCorr  .         Warding  .     (no gloves)
rMut   .         NoTele   +     (no barding)
MR     .....                    (no amulet)
Stlth  ..........               (no ring)
                                (no ring)

@: exhausted, very slightly contaminated, hasted and slowed, very heavily
drained, very quick, not resistant to hostile enchantments, extremely unstealthy
A: hooves 3, deformed body, speed 2, tough skin 3
a: no special abilities


You were in the Dungeon.
You were not hungry.

You visited 1 branch You collected 162 gold pieces.

Inventory:

Hand weapons
 a - a +0 trident (weapon)
Armour
 b - a +0 leather armour (worn)
 c - a +0 helmet (worn)
Magical devices
 l - a wand of hasting (5)
Scrolls
 k - a scroll of blinking
Potions
 i - 2 potions of magic
Comestibles
 f - a bread ration


   Skills:
 + Level 5.3(0.0) Fighting
 * Level 10.7(0.0) Polearms
 - Level 2.6(0.0) Throwing
 - Level 2.1(0.0) Dodging


You had 5 spell levels left.
You didn't know any spells.

Dungeon Overview and Level Annotations

Branches:
Dungeon (1/1)

Altars:
Sif Muna
Vehumet

Annotations:
D Sigmund, Sonja


Innate Abilities, Weirdness & Mutations

You have hooves in place of feet.
Armour fits poorly on your strangely shaped body.
You cover ground very quickly.
You have extremely tough skin (AC +3).


Message History

Sonja hits you but does no damage.
You feel drained. Sonja hits you but does no damage.
You feel drained.
Sonja plants her feet in a plie.
Sonja hits you but does no damage.
You feel drained.
Sonja hits you with an uncursed dagger of draining.
* * * LOW HITPOINT WARNING * * *
You feel drained.
* * * LOW HITPOINT WARNING * * *
Sonja barely misses you.
You closely miss Sonja. Your kick misses Sonja.
Sonja hits you with an uncursed dagger of draining.
* * * LOW HITPOINT WARNING * * *
You feel drained. Sonja closely misses you. Sonja hits you but does no damage.
You feel drained. Sonja hits you but does no damage.
You feel drained. Sonja closely misses you. Sonja barely misses you.
You barely miss Sonja. Your kick misses Sonja.
Sonja hits you with an uncursed dagger of draining.
* * * LOW HITPOINT WARNING * * *
You feel drained.
You die...

################
#<.#..'@K#..'..#
#..)..#..(.(#..+
#.)#####'#####K#
#..# #..# #$#
#..# #### #)#
#..# #..+ #⌠⌠#
..._# ####
#_.#+# ##'


You could see Sonja.

Vanquished Creatures
  A yak (D)
  An ogre (D)
  A jelly (D)
  Ijyb (D)
4 creatures vanquished.

Vanquished Creatures (others)
  A gargoyle (D)
1 creature vanquished.

Grand Total: 5 creatures vanquished

Notes
Turn   | Place    | Note
--------------------------------------------------------------
     0 | D        | Medar, the Centaur Gladiator, began the quest for the Orb.
     0 | D        | Reached XP level 1. HP: 17/17 MP: 1/1
     1 | D        | Noticed Ijyb
    14 | D        | Killed Ijyb
    14 | D        | Reached skill level 5 in Polearms
    14 | D        | Reached XP level 2. HP: 18/24 MP: 2/2
    86 | D        | Noticed an ogre
    95 | D        | Killed an ogre
    95 | D        | Reached skill level 8 in Polearms
    95 | D        | Reached XP level 3. HP: 15/29 MP: 3/3
    95 | D        | Reached XP level 4. HP: 18/36 MP: 3/3
   248 | D        | Noticed Sigmund
   320 | D        | Killed a gargoyle
   329 | D        | Found a deep blue altar of Sif Muna.
   330 | D        | Noticed a jelly
   331 | D        | Found a radiant altar of Vehumet.
   332 | D        | Noticed Sonja
   333 | D        | Noticed a yak
   336 | D        | Killed a jelly
   336 | D        | Reached skill level 9 in Polearms
   356 | D        | Killed a yak
   356 | D        | Reached skill level 5 in Fighting
   356 | D        | Reached skill level 10 in Polearms
   356 | D        | Reached XP level 5. HP: 42/48 MP: 4/4
   356 | D        | Reached XP level 6. HP: 49/56 MP: 5/5
   388 | D        | Slain by Sonja

Action                   |  1- 3 |  4- 6 || total
-------------------------+-------+-------++-------
Melee: Trident           |    16 |    43 ||    59
Throw: Throwing net      |       |     3 ||     3
  Use: Potion            |       |     4 ||     4
